 Dungeon Crawl Stone Soup version 0.20.0-15-g7f486f2 (console) character file.

14321 removed the Nimble (level 11, -12/58 HPs)
             Began as a Spriggan Necromancer on June 10, 2017.
             Was a Believer of Ashenzari.
             Hit by a large rock thrown by a cyclops (27 damage)
             ... on level 11 of the Dungeon.
             The game lasted 00:33:15 (17369 turns).

removed the Nimble (Spriggan Necromancer)          Turns: 17369, Time: 00:33:16

Health: -12/58     AC:  7    Str:  4    XL:     11   Next: 87%
Magic:  31/43      EV: 26    Int: 20    God:    Ashenzari [**....]
Gold:   501        SH:  0    Dex: 17    Spells: 16/28 levels left

rFire    . . .     SeeInvis +   a - +2 dagger (elec)
rCold    + . .     Gourm    .   (shield restricted)
rNeg     + . .     Faith    .   N - +2 robe {rC+}
rPois    .         Spirit   .   G - +0 hat "Carexzuo" {rN+} (curse)
rElec    .         Reflect  .   A - +2 cloak {+Inv}
rCorr    .         Harm     .   (gloves unavailable)
MR       +....                  (boots unavailable)
Stlth    ++........             (no amulet)
Regen    0.2/turn               l - ring of magical power (curse)
MPRegen  0.3/turn               p - ring of magical power (curse)

@: very quick
A: unfitting armour, see invisible, herbivore 3, speed 3, slow metabolism 2
a: Curse Item, Scrying, Renounce Religion, Evoke Invisibility


You were on level 11 of the Dungeon.
You worshipped Ashenzari.
Ashenzari was pleased with you.
You were not hungry.

You visited 2 branches of the dungeon, and saw 12 of its levels.
You also visited: Ice Cave.

You collected 501 gold pieces.

Inventory:

Hand Weapons
 a - a +2 dagger of electrocution (weapon)
 q - the +8 hunting sling of Qoipn {venom, rElec rC++}
   (You took it off a crimson imp on level 11 of the Dungeon)

   It poisons the ammo it fires.
   It greatly protects you from cold.
   It insulates you from electricity.
 r - a +0 blowgun
 u - the +12 quarterstaff of Conversion {crush, +Fly}
   (You took it off a deep elf mage on level 8 of the Dungeon)

   It inflicts extra damage upon your enemies.
   It lets you fly.
Missiles
 s - 21 poisoned needles
Armour
 A - a +2 cloak of invisibility (worn)
 D - the +1 robe "Xaff" {rElec rCorr}
   (You found it on level 4 of the Dungeon)

   It insulates you from electricity.
   It protects you from acid and corrosion.
 G - the cursed +0 hat "Carexzuo" (worn) {rN+}
   (You found it on level 4 of the Dungeon)

   It protects you from negative energy.
   It has a curse placed upon it.
 N - a +2 robe of cold resistance (worn)
 T - +2 fire dragon scales
 Z - a +1 robe of magic resistance
Jewellery
 l - a cursed ring of magical power (left hand)
 n - an uncursed ring of protection from cold
 p - a cursed ring of magical power (right hand)
 w - an uncursed ring of poison resistance
 V - an uncursed ring of protection from fire
 W - an uncursed ring of flight
 Y - a +5 ring of intelligence
Wands
 y - a wand of iceblast (4/15)
 E - a wand of iceblast (4/15)
 I - a wand of digging (20/24)
 M - a wand of iceblast (6/15)
 R - a wand of clouds (0/9)
Scrolls
 d - 7 scrolls of teleportation
 e - a scroll of recharging
 i - 5 scrolls of amnesia
 z - a scroll of remove curse
 B - a scroll of immolation
 C - a scroll of enchant armour
 L - a scroll of holy word {unknown}
 O - 2 scrolls of identify
Potions
 g - 4 potions of haste
 h - 2 potions of mutation
 j - 2 potions of agility
 m - 2 potions of resistance
 t - 4 potions of magic
 v - a potion of lignification
 x - 2 potions of might
 F - a potion of heal wounds {unknown}
 J - 10 potions of curing
 U - a potion of berserk rage {unknown}
 X - a potion of ambrosia
Books
 b - a book of Necromancy

   Spells                             Type                      Level
   a - Pain                           Necromancy                   1
   b - Animate Skeleton               Necromancy                   1
   c - Vampiric Draining              Necromancy                   3
   d - Regeneration                   Charms/Necromancy            3
   e - Animate Dead                   Necromancy                   4
   f - Control Undead                 Necromancy                   4
 k - a book of Misfortune

   Spells                             Type                      Level
   a - Confusing Touch                Hexes                        1
   b - Confuse                        Hexes                        3
   c - Gell's Gravitas                Translocation                3
   d - Petrify                        Transmutation/Earth          4
   e - Metabolic Englaciation         Hexes/Ice                    5
   f - Yara's Violent Unravelling     Hexes/Transmutation          5
 o - a book of Necromancy

   Spells                             Type                      Level
   a - Pain                           Necromancy                   1
   b - Animate Skeleton               Necromancy                   1
   c - Vampiric Draining              Necromancy                   3
   d - Regeneration                   Charms/Necromancy            3
   e - Animate Dead                   Necromancy                   4
   f - Control Undead                 Necromancy                   4
 H - a book of Minor Magic

   Spells                             Type                      Level
   a - Magic Dart                     Conjuration                  1
   b - Blink                          Translocation                2
   c - Call Imp                       Summoning                    2
   d - Slow                           Hexes                        2
   e - Conjure Flame                  Conjuration/Fire             3
   f - Mephitic Cloud                 Conjuration/Poison/Air       3
 K - a Fen Folio

   Spells                             Type                      Level
   a - Corpse Rot                     Necromancy                   2
   b - Stone Arrow                    Conjuration/Earth            3
   c - Leda's Liquefaction            Hexes/Earth                  4
   d - Summon Forest                  Summoning/Translocation      5
   e - Hydra Form                     Transmutation                6
   f - Summon Hydra                   Summoning                    7
 P - a book of Necromancy

   Spells                             Type                      Level
   a - Pain                           Necromancy                   1
   b - Animate Skeleton               Necromancy                   1
   c - Vampiric Draining              Necromancy                   3
   d - Regeneration                   Charms/Necromancy            3
   e - Animate Dead                   Necromancy                   4
   f - Control Undead                 Necromancy                   4
 Q - a book of Conjurations

   Spells                             Type                      Level
   a - Magic Dart                     Conjuration                  1
   b - Searing Ray                    Conjuration                  2
   c - Dazzling Spray                 Conjuration/Hexes            3
   d - Fulminant Prism                Conjuration/Hexes            4
   e - Force Lance                    Conjuration/Translocation    4
   f - Iskenderun's Mystic Blast      Conjuration                  4
Comestibles
 c - 6 bread rations
 f - 2 royal jellies
 S - 10 fruits


   Skills:
 - Level 7.0 Fighting
 - Level 10.0 Dodging
 - Level 3.0 Stealth
 - Level 9.0 Spellcasting
 - Level 6.1(7.6) Conjurations
 - Level 7.0(8.5) Necromancy
 + Level 9.3(10.7) Earth Magic


You had 16 spell levels left.
You knew the following spells:

 Your Spells              Type           Power        Failure   Level  Hunger
a - Pain                  Necr           ####         1%          1    None
b - Vampiric Draining     Necr           #####.....   1%          3    None
c - Stone Arrow           Conj/Erth      #####.       1%          3    None
e - Regeneration          Chrm/Necr      ####......   3%          3    None
l - Blink                 Tloc           N/A          11%         2    None


Dungeon Overview and Level Annotations

Branches:
Dungeon (11/15)            Temple (1/1) D:4            Lair (0/6) D:8
    Orc: D:9-12

Altars:
Ashenzari
Cheibriados
Dithmenos
Elyvilon
Fedhas
Gozag
Hepliaklqana
Kikubaaqudgha
Makhleb
Nemelex Xobeh
Okawaru
Qazlal
Ru
Sif Muna
Trog
Uskayaw
Vehumet
Xom
Yredelemnul
Zin
The Shining One

Shops:
D:10 }


Innate Abilities, Weirdness & Mutations

You are very small and have problems with some larger weapons.
You are too small for most types of armour.
You have supernaturally acute eyesight. (SInv)
You are a herbivore.
You cover ground extremely quickly.
You need consume almost no food.


Message History

The cyclops is lightly wounded.
Casting: Stone Arrow
Confirm with . or Enter, or press ? or * to list all spells.
Aiming: Stone Arrow
Press: ? - help, Shift-Dir - straight line, f/p - cyclops
Aim: a cyclops (lightly wounded)
The stone arrow hits the cyclops.
The cyclops is heavily wounded.
The cyclops throws a large rock.
The large rock hits you!!!
Ouch! That really hurt!
* * * LOW HITPOINT WARNING * * *
Casting: Stone Arrow
Confirm with . or Enter, or press ? or * to list all spells.
Aiming: Stone Arrow
Press: ? - help, Shift-Dir - straight line, f/p - cyclops
Aim: a cyclops (heavily wounded)
The stone arrow hits the cyclops.
The cyclops is severely wounded.
The cyclops throws a large rock.
The large rock hits you!!
You die...

#.# * #.# #.# #.# , ##.##
* #...# * #####...### * ,
#.........# , #.....@...#
* * ##### #............. ,
#...# #..##...###### ..#.#
#..##.C.##### * #...#
#.†##.......### ##.###
#..##.##... ..
.....######.....##.##.####
................>.........
####..########..##)##.####


You could see a cyclops.

Vanquished Creatures
  Josephine (D:11)
  2 two-headed ogres
  A deep elf knight (D:8)
  A deep elf mage (D:8)
  An ugly thing (IceCv)
  2 orc sorcerers (D:8)
  A gargoyle (D:11)
  3 trolls
  A hippogriff (D:11)
  Sigmund (D:2)
  4 wraiths (D:11)
  4 yaks (D:11)
  A wyvern (D:11)
  A vampire mosquito (D:8)
  3 wargs
  A water moccasin (D:6)
  A black bear (D:7)
  2 sky beasts
  9 ice beasts
  4 orc warriors
  3 phantoms
  6 ogres
  8 centaurs
  2 crocodiles (D:11)
  10 bullfrogs
  A gnoll sergeant (D:10)
  2 wyvern skeletons
  5 scorpions
  3 killer bees
  12 wights
  6 howler monkeys
  8 crimson imps
  A centaur zombie (D:8)
  A quasit (D:11)
  3 jellies
  3 hounds
  3 centaur skeletons
  7 orc priests
  Crazy Yiuf (D:3)
  A bullfrog skeleton (D:11)
  Ijyb (D:4)
  3 iguanas
  8 orc wizards
  8 worker ants
  4 worker ant zombies
  8 adders
  5 gnolls (D:10)
  4 shadow imps
  12 white imps (D:11)
  2 oozes
  An adder skeleton (D:6)
  5 worms
  3 dart slugs
  7 leopard geckos
  40 orcs
  2 ball pythons
  9 bats
  5 giant cockroaches
  7 goblins
  11 hobgoblins
  17 jackals
  9 kobolds
  3 quokkas
  7 frilled lizards
  A jackal skeleton (D:6)
  A leopard gecko skeleton (D:5)
  A leopard gecko zombie (D:9)
  5 rats
319 creatures vanquished.

Notes
Turn   | Place    | Note
-------+----------+-------------------------------------------
     0 | D:1      | removed the Spriggan Necromancer began the quest for the Orb.
     0 | D:1      | Reached XP level 1. HP: 9/9 MP: 5/5
   658 | D:1      | Reached XP level 2. HP: 9/13 MP: 1/7
  1277 | D:2      | Noticed Sigmund
  1710 | D:2      | Reached XP level 3. HP: 8/16 MP: 9/9
  2639 | D:2      | Reached XP level 4. HP: 19/21 MP: 11/11
  2648 | D:2      | Found an iron altar of Okawaru.
  3258 | D:3      | Found a transporter.
  3263 | D:3      | Found a transporter.
  3284 | D:3      | Found a hide-covered altar of Uskayaw.
  3837 | D:3      | Found a runed door.
  3841 | D:3      | Noticed Crazy Yiuf
  3856 | D:3      | Killed Crazy Yiuf
  3856 | D:3      | Reached XP level 5. HP: 17/24 MP: 13/13
  4134 | D:3      | Reached skill level 5 in Spellcasting
  4450 | D:3      | Learned a level 3 spell: Vampiric Draining
  4480 | D:4      | Reached skill level 5 in Necromancy
  4606 | D:4      | Found a bloodstained altar of Trog.
  4641 | D:4      | Got a distressingly furry robe
  4652 | D:4      | Identified the +1 robe "Xaff" {rElec rCorr} (You found it on level 4 of the Dungeon)
  4661 | D:4      | Found a snail-covered altar of Cheibriados.
  4669 | D:4      | Found a staircase to the Ecumenical Temple.
  4670 | D:4      | Noticed Ijyb
  4685 | D:4      | Killed Ijyb
  4726 | D:4      | Reached XP level 6. HP: 10/28 MP: 15/15
  4738 | Temple   | Entered the Ecumenical Temple
  4969 | Temple   | Became a worshipper of Ashenzari the Shackled
  5163 | D:4      | Got the cursed hat "Carexzuo" {rN+}
  5169 | D:4      | Identified the cursed +0 hat "Carexzuo" {rN+} (You found it on level 4 of the Dungeon)
  5346 | D:5      | Entered Level 5 of the Dungeon
  5617 | D:5      | Reached XP level 7. HP: 18/32 MP: 18/18
  6283 | D:5      | Learned a level 3 spell: Stone Arrow
  7560 | D:6      | Found a white marble altar of Elyvilon.
  7561 | D:6      | Found a sparkling altar of Nemelex Xobeh.
  7561 | D:6      | Found a stormy altar of Qazlal.
  7562 | D:6      | Found a basalt altar of Yredelemnul.
  7574 | D:6      | Reached XP level 8. HP: 36/36 MP: 21/21
  7596 | D:6      | Reached skill level 1 in Earth Magic
  7985 | D:6      | Got the cursed lajatang of Fimbulwinter {antimagic, rF++ Int+3}
  7987 | D:6      | Identified the cursed +0 lajatang of Fimbulwinter {antimagic, rF++ Int+3} (You took it off a wight on level 6 of the Dungeon)
  8169 | D:6      | Reached skill level 1 in Conjurations
  8408 | D:6      | Found a burning altar of Makhleb.
  8409 | D:6      | Found a radiant altar of Vehumet.
  9068 | D:5      | Found an ancient bone altar of Kikubaaqudgha.
  9346 | D:2      | Killed Sigmund
  9346 | D:2      | Reached XP level 9. HP: 35/39 MP: 23/23
  9851 | D:7      | Reached skill level 5 in Earth Magic
 11090 | D:8      | Found a staircase to the Lair.
 11338 | D:8      | Reached * piety under Ashenzari
 11467 | D:8      | Noticed an orc sorcerer
 11469 | D:8      | Noticed an orc sorcerer
 11488 | D:8      | Noticed an orange demon
 11488 | D:8      | Killed an orc sorcerer
 11488 | D:8      | Reached skill level 5 in Conjurations
 11496 | D:8      | Killed an orc sorcerer
 11499 | D:8      | Reached XP level 10. HP: 38/44 MP: 9/24
 11821 | D:8      | Noticed a deep elf knight
 11830 | D:8      | Killed a deep elf knight
 12476 | D:8      | Reached skill level 1 in Fighting
 12478 | D:8      | Reached skill level 4 in Dodging
 12727 | D:8      | Noticed a deep elf mage
 12730 | D:8      | Killed a deep elf mage
 12730 | D:8      | Reached skill level 5 in Dodging
 12829 | D:8      | Got the quarterstaff of Conversion {crush, +Fly}
 12885 | D:8      | Learned a level 2 spell: Blink
 12889 | D:8      | Learned a level 3 spell: Regeneration
 13091 | D:9      | Reached skill level 6 in Dodging
 13345 | D:9      | Found an opulent altar of Gozag.
 13379 | D:9      | Reached skill level 7 in Dodging
 13559 | D:9      | Noticed a two-headed ogre
 13566 | D:9      | Killed a two-headed ogre
 13788 | D:9      | Reached XP level 11. HP: 53/53 MP: 23/25
 13900 | D:9      | Reached skill level 8 in Dodging
 13997 | D:10     | Entered Level 10 of the Dungeon
 14151 | D:10     | Reached ** piety under Ashenzari
 14265 | D:10     | Found Muafutu's Gadget Emporium.
 14916 | D:11     | Reached skill level 9 in Dodging
 15124 | D:11     | Found a frozen archway.
 15273 | IceCv    | Entered an ice cave
 15273 | IceCv    | Noticed a white ugly thing
 15275 | IceCv    | Found a transporter.
 15353 | IceCv    | Reached skill level 5 in Fighting
 15380 | IceCv    | Killed a white ugly thing
 15656 | IceCv    | Noticed a white ugly thing
 15670 | IceCv    | HP: 2/56 [ice statue/bolt of cold (4)]
 16084 | D:11     | Reached skill level 10 in Dodging
 16396 | D:11     | Noticed Josephine
 16397 | D:11     | Noticed a two-headed ogre
 16422 | D:11     | Killed Josephine
 16662 | D:11     | Killed a two-headed ogre
 16854 | D:11     | Got the hunting sling of Qoipn {venom, rElec rC++}
 17369 | D:11     | Hit by a large rock thrown by a cyclops

Skill      XL: |  1  2  3  4  5  6  7  8  9 10 11 |
---------------+----------------------------------+-----
Spellcasting   | 3 4 5 6 8 9 |  9.0
Necromancy     | 4 5 6 7 |  7.0
Earth Magic    | 4 7 8 9 |  9.3
Conjurations   | 2 5 6 |  6.1
Fighting       | 4 7 |  7.0
Dodging        | 7 10 | 10.0
Stealth        | |  3.0

Action                   |  1- 3 |  4- 6 |  7- 9 | 10-12 || total
-------------------------+-------+-------+-------+-------++-------
Melee: Dagger            |       |    45 |    35 |    18 ||    98
 Cast: Pain              |    73 |   127 |   253 |    33 ||   486
       Stone Arrow       |       |       |    62 |   296 ||   358
       Vampiric Draining |       |       |    22 |     1 ||    23
       Blink             |       |       |       |     1 ||     1
Invok: Curse Item        |       |     2 |       |       ||     2
 Abil: Evoke Invisibilit |       |       |       |     1 ||     1
Evoke: Wand              |       |     4 |     4 |     4 ||    12
  Use: Scroll            |       |       |     9 |     9 ||    18
 Stab: Sleeping          |       |     3 |       |     1 ||     4
  Eat: Bread ration      |       |     1 |     1 |       ||     2
Armor: Robe              |     1 |     6 |    11 |     7 ||    25
Dodge: Dodged            |    11 |    77 |   122 |    76 ||   286
